 Dungeon Crawl Stone Soup version 0.20-a0-1006-ge6c5631 (webtiles) character file.

13029 Murumi the Unseen (level 12, -1/95 HPs)
             Began as a Naga Enchanter on Apr 13, 2017.
             Was a High Priest of Cheibriados.
             Slain by Banto's ghost (12 damage)
             ... on level 1 of the Lair of Beasts.
             The game lasted 00:53:39 (14170 turns).

Murumi the Unseen (Naga Enchanter)                 Turns: 14170, Time: 00:53:40

Health: -1/95      AC: 11    Str: 29    XL:     12   Next: 1%
Magic:  5/19       EV: 21    Int: 35    God:    Cheibriados [*****.]
Gold:   525        SH:  0    Dex: 34    Spells: 16/21 levels left

rFire    . . .     SeeInvis +   w - +6 dagger (elec)
rCold    . . .     Gourm    .   (no shield)
rNeg     . . .     Faith    .   A - +2 robe
rPois    +         Spirit   .   e - +1 helmet
rElec    .         Reflect  .   D - +0 cloak
rCorr    .         Harm     .   x - +0 pair of gloves
MR       +++..                  (no barding)
Stlth    +++++++++.             (no amulet)
Regen    0.3/turn               n - +3 ring of intelligence
MPRegen  0.2/turn               (no ring)

@: mighty, brilliant, agile, very slow
A: repulsion field 1, see invisible, deformed body, dopey 1, frail 1, magic
resistance 2, poison resistance, slowness 2, slow metabolism 1, spit poison 1,
MP-powered wands, AC +4
a: Spit Poison, Bend Time, Temporal Distortion, Slouch, Step From Time, Renounce
Religion


You were on level 1 of the Lair of Beasts.
You worshipped Cheibriados.
Cheibriados was extremely pleased with you.
You were not hungry.

You visited 3 branches of the dungeon, and saw 12 of its levels.

You collected 525 gold pieces.

Inventory:

Hand Weapons
 a - a +1 dagger
 w - a +6 dagger of electrocution (weapon)
Armour
 e - a +1 helmet (worn)
 x - a +0 pair of gloves (worn)
 A - a +2 robe (worn)
 D - a +0 cloak (worn)
Jewellery
 n - a +3 ring of intelligence (left hand)
Wands
 b - a wand of confusion (42/48)
 k - a wand of polymorph (6/24)
 v - a wand of scattershot (7/9)
 y - a wand of acid (5/15)
Scrolls
 g - a scroll of magic mapping
 i - 3 scrolls of remove curse
 s - 3 scrolls of teleportation
 t - 2 scrolls of enchant armour
 u - 2 scrolls of fog
Potions
 j - 2 potions of agility
 l - a potion of mutation {unknown}
 o - a potion of cancellation {unknown}
 p - 3 potions of curing
 r - 4 potions of flight
 B - a potion of might
Books
 c - a book of Maledictions

   Spells                             Type                      Level
   a - Corona                         Hexes                        1
   b - Ensorcelled Hibernation        Hexes/Ice                    2
   c - Confuse                        Hexes                        3
   d - Tukima's Dance                 Hexes                        3
   e - Dazzling Spray                 Conjuration/Hexes            3
Comestibles
 d - 10 bread rations
 m - 6 royal jellies
 q - 6 meat rations
 C - 4 fruits


   Skills:
 - Level 6.4 Fighting
 - Level 6.2 Short Blades
 - Level 4.2 Dodging
 - Level 20.0 Stealth
 - Level 5.0 Spellcasting
 + Level 6.3 Hexes


You had 16 spell levels left.
You knew the following spells:

 Your Spells              Type           Power        Failure   Level  Hunger
a - Confuse               Hex            ######..     1%          3    None
b - Ensorcelled Hibernat  Hex/Ice        ######       1%          2    None


Dungeon Overview and Level Annotations

Branches:
Dungeon (10/15)            Temple (1/1) D:4            Lair (1/6) D:10
    Orc (0/2) D:10

Altars:
Ashenzari
Cheibriados
Dithmenos
Elyvilon
Fedhas
Gozag
Hepliaklqana
Kikubaaqudgha
Makhleb
Nemelex Xobeh
Okawaru
Qazlal
Ru
Sif Muna
Trog
Uskayaw
Vehumet
Wu Jian
Xom
Yredelemnul
Zin
The Shining One

Shops:
D:4 (   D:5 }

Annotations:
Lair:1 Banto's ghost, journeyman BuSk


Innate Abilities, Weirdness & Mutations

You cannot wear boots.
Your serpentine skin is tough. (AC +4)
You have supernaturally acute eyesight. (SInv)
Armour fits poorly on your strangely shaped body.
Your system is resistant to poisons. (rPois)
You cover ground very slowly.
You have a slow metabolism.
You can spit poison.
You are surrounded by a mild repulsion field. (EV +2)
You are dopey. (Int -2)
You are frail. (-10% HP)
You are highly resistant to hostile enchantments. (MR++)
You expend magic power (3 MP) to strengthen your wands.


Message History

You fail to use your ability.
Banto's ghost hits you!
* * * LOW HITPOINT WARNING * * *
Banto's ghost freezes you.
* * * LOW HITPOINT WARNING * * *
Casting: Confuse
Confirm with . or Enter, or press ? or * to list all spells.
Aiming: Confuse
Press: ? - help, Shift-Dir - straight line, f/p - Banto's ghost
Aim: Banto's ghost, wielding a weapon of freezing (regenerating, chance to defeat MR: 28%) Banto's ghost easily resists.
Banto's ghost misses you.
Okay, then.
Okay, then.
You feel better. Banto's ghost closely misses you.
Casting: Confuse
Confirm with . or Enter, or press ? or * to list all spells.
Aiming: Confuse
Press: ? - help, Shift-Dir - straight line, f/p - Banto's ghost
Aim: Banto's ghost, wielding a weapon of freezing (regenerating, chance to defeat MR: 28%) Banto's ghost easily resists.
Banto's ghost hits you!
You die...

... .. .. ..
...#.#'##.###. .P
...........#.# #.#
.#........#.# #.#
..........#.# #.## #
#..........## #..##
#.#W.......#..###..#.
#...@......#......##.
#.#%.......#......#..
##.P.............#....
#P..........#...##...#
.............#..##...##
.....###..#!###..#.....#
..........[.............
................#♣.....♣
P#.#...................


You could see Banto's ghost.

Vanquished Creatures
  Snorg (D:10)
  Harold (D:10)
  3 two-headed ogres
  A black mamba (Lair:1)
  Joseph (D:9)
  A komodo dragon (D:10)
  3 hippogriffs
  Sigmund (D:4)
  Eustachio (D:6)
  A basilisk (Lair:1)
  A steam dragon (D:7)
  A hungry ghost (D:9)
  3 water moccasins
  Duvessa (D:4)
  2 porcupines (Lair:1)
  3 ice beasts
  7 orc warriors
  3 sky beasts
  6 ogres
  3 black bears
  5 phantoms
  7 centaurs
  3 wolves (Lair:1)
  2 big kobolds
  6 bullfrogs
  Blork the orc (D:4)
  Dowan (D:4)
  A water moccasin skeleton (D:8)
  2 scorpions
  9 killer bees
  3 wights (D:10)
  A howler monkey (D:7)
  4 electric eels
  2 crimson imps
  3 bullfrog zombies
  A quasit (D:10)
  A bullfrog skeleton (D:10)
  3 centaur skeletons
  3 jellies
  Crazy Yiuf (D:4)
  5 orc priests
  6 hounds
  11 orc wizards
  An iguana (D:4)
  12 worker ants
  A hound zombie (D:7)
  A worker ant zombie (D:7)
  4 gnolls
  13 adders
  2 shadow imps
  2 oozes
  An adder skeleton (D:4)
  3 worms
  13 dart slugs
  9 leopard geckos
  52 orcs
  5 giant cockroaches
  5 goblins
  8 hobgoblins
  7 jackals
  2 quokkas
  A ball python (D:1)
  13 bats
  7 frilled lizards
  A jackal skeleton (D:4)
  25 kobolds
  2 quokka skeletons
  15 rats
330 creatures vanquished.

Vanquished Creatures (others)
  2 dart slugs (D:6)
  15 plants (D:10)
17 creatures vanquished.

Grand Total: 347 creatures vanquished

Notes
Turn   | Place    | Note
-------+----------+-------------------------------------------
     0 | D:1      | Murumi the Naga Enchanter began the quest for the Orb.
     0 | D:1      | Reached XP level 1. HP: 15/15 MP: 3/3
   283 | D:1      | Reached XP level 2. HP: 17/22 MP: 5/5
   856 | D:1      | Reached skill level 5 in Stealth
   869 | D:1      | Reached XP level 3. HP: 26/28 MP: 6/6
   873 | D:1      | Learned a level 2 spell: Ensorcelled Hibernation
   877 | D:1      | Learned a level 3 spell: Confuse
   908 | D:1      | Reached skill level 1 in Fighting
  1689 | D:2      | Reached skill level 6 in Stealth
  1689 | D:2      | Reached XP level 4. HP: 38/38 MP: 7/7
  1791 | D:2      | Found a shadowy altar of Dithmenos.
  2667 | D:2      | Reached skill level 7 in Stealth
  2731 | D:2      | Reached XP level 5. HP: 27/44 MP: 1/8
  3418 | D:3      | Reached skill level 8 in Stealth
  3560 | D:3      | Found an iron altar of Okawaru.
  3571 | D:3      | Reached skill level 9 in Stealth
  3634 | D:3      | Reached XP level 6. HP: 29/51 MP: 9/9
  4006 | D:4      | Noticed Sigmund
  4009 | D:4      | Noticed Dowan
  4361 | D:4      | Noticed Duvessa
  4379 | D:4      | Killed Duvessa
  4393 | D:4      | Killed Dowan
  4393 | D:4      | Reached XP level 7. HP: 63/63 MP: 1/10
  4479 | D:4      | Killed Sigmund
  4479 | D:4      | Reached skill level 5 in Fighting
  4708 | D:4      | Found Risoxa's Weapon Boutique.
  4810 | D:4      | Reached XP level 8. HP: 69/78 MP: 8/11
  4912 | D:4      | Found a staircase to the Ecumenical Temple.
  4983 | D:4      | Found a runed door.
  5083 | Temple   | Entered the Ecumenical Temple
  5398 | D:4      | Noticed Blork the orc
  5400 | D:4      | Killed Blork the orc
  5415 | D:4      | Found an opulent altar of Gozag.
  5485 | D:4      | Noticed Crazy Yiuf
  5489 | D:4      | Killed Crazy Yiuf
  5538 | D:5      | Entered Level 5 of the Dungeon
  5573 | D:4      | Reached skill level 10 in Stealth
  5977 | D:5      | Found Eloleniu's Gadget Emporium.
  6052 | D:5      | You fall through a shaft for 2 floors!
  6061 | D:7      | Found an ornate altar of the Wu Jian Council.
  6132 | D:6      | Reached skill level 11 in Stealth
  6432 | D:6      | Reached skill level 12 in Stealth
  6486 | D:5      | Reached XP level 9. HP: 67/85 MP: 5/12
  6685 | D:5      | Reached skill level 13 in Stealth
  6999 | D:5      | Gained mutation: You expend magic power (3 MP) to strengthen your wands. [mutagenic meat]
  7000 | D:5      | Gained mutation: You are resistant to hostile enchantments. (MR+) [mutagenic meat]
  7001 | D:5      | Gained mutation: You are frail. (-10% HP) [mutagenic meat]
  7002 | D:5      | Gained mutation: You are surrounded by a mild repulsion field. (EV +2) [mutagenic meat]
  7003 | D:5      | Gained mutation: You are dopey. (Int -2) [mutagenic meat]
  7004 | D:5      | Gained mutation: You are highly resistant to hostile enchantments. (MR++) [mutagenic meat]
  7904 | D:6      | Noticed Eustachio
  7913 | D:6      | Killed Eustachio
  8325 | D:6      | Reached skill level 5 in Spellcasting
  8475 | D:6      | Found a blossoming altar of Fedhas.
  8475 | D:6      | Found a sparkling altar of Nemelex Xobeh.
  8697 | D:6      | Found a snail-covered altar of Cheibriados.
  8699 | D:6      | Found a faded altar of an unknown god.
  8700 | D:6      | Found a faded altar of an unknown god.
  8703 | D:6      | Became a worshipper of Cheibriados the Contemplative
  8819 | D:7      | Reached skill level 14 in Stealth
  9342 | D:7      | Reached XP level 10. HP: 82/82 MP: 10/17
  9419 | D:7      | Reached * piety under Cheibriados
  9557 | D:7      | Reached skill level 15 in Stealth
  9818 | D:8      | Reached ** piety under Cheibriados
 10115 | D:8      | Reached skill level 16 in Stealth
 10634 | D:8      | Reached *** piety under Cheibriados
 10690 | D:8      | Reached skill level 5 in Hexes
 11009 | D:9      | Noticed Joseph
 11025 | D:9      | Killed Joseph
 11025 | D:9      | Reached skill level 5 in Short Blades
 11474 | D:9      | Noticed a two-headed ogre
 11480 | D:9      | Killed a two-headed ogre
 11480 | D:9      | Reached XP level 11. HP: 89/89 MP: 18/18
 11593 | D:9      | Reached skill level 17 in Stealth
 11684 | D:9      | Reached **** piety under Cheibriados
 12215 | D:10     | Entered Level 10 of the Dungeon
 12442 | D:10     | Reached skill level 18 in Stealth
 12452 | D:10     | Noticed Snorg
 12457 | D:10     | Noticed Harold
 12459 | D:10     | Killed Snorg
 12464 | D:10     | Killed Harold
 12604 | D:10     | Found a staircase to the Orcish Mines.
 12619 | D:10     | Noticed a two-headed ogre
 12629 | D:10     | Killed a two-headed ogre
 12629 | D:10     | Reached ***** piety under Cheibriados
 13085 | D:10     | Found a staircase to the Lair.
 13142 | D:10     | Noticed a two-headed ogre
 13148 | D:10     | Killed a two-headed ogre
 13148 | D:10     | Reached skill level 19 in Stealth
 13804 | Lair:1   | Entered Level 1 of the Lair of Beasts
 14008 | Lair:1   | Reached skill level 20 in Stealth
 14015 | Lair:1   | Reached XP level 12. HP: 66/95 MP: 9/19
 14138 | Lair:1   | Noticed Banto's ghost (journeyman BuSk)
 14167 | Lair:1   | HP: 1/95 [Banto's ghost (4)]
 14170 | Lair:1   | Slain by Banto's ghost

Vault maps used:
D:1:      co_arrival_square_in_a_square_in_a_square, st_stairs_12,
          minmay_tetromino_i4
D:2:      first_bread, nicolae_dithmenos_shadow_blocks
D:3:      lemuel_crystal_altar, nicolae_underground_beach
D:4:      lemuel_round_altar, temple_doors_e, serial_shops, shop,
          kennysheep_another_room, uniq_blork_the_orc, uniq_sigmund,
          uniq_duvessa, uniq_crazy_yiuf_cottage
D:5:      serial_shops, nicolae_shop_crystal
D:6:      kennysheep_slugbush, chequers_temple_overflow_minitemple,
          uniq_eustachio
D:7:      old_standard_altar, enter_ossuary_1, grunt_ogre_cave, st_stairs_12
D:9:      interstate_on_off, uniq_joseph
D:10:     david_lair_shrubbed, david_orc_3, uniq_harold, uniq_snorg
Temple:   nicolae_temple_elliptical
Lair:1:   serial_bayou_lagoon_a, grunt_megastairs_5, minmay_lair_oklob_chamber

Skill      XL: |  1  2  3  4  5  6  7  8  9 10 11 |
---------------+----------------------------------+-----
Dodging        | 2 3 4 |  4.2
Stealth        | 5 6 7 9 12 14 16 20 | 20.0
Fighting       | 1 3 6 |  6.4
Short Blades   | 2 3 4 6 |  6.2
Spellcasting   | 5 |  5.0
Hexes          | 4 5 6 |  6.3

Action                   |  1- 3 |  4- 6 |  7- 9 | 10-12 || total
-------------------------+-------+-------+-------+-------++-------
Melee: Dagger            |    73 |   163 |   170 |   325 ||   731
 Cast: Ensorcelled Hiber |       |    10 |    54 |    52 ||   116
       Confuse           |       |       |     7 |    16 ||    23
       Corona            |       |       |     2 |       ||     2
 Abil: Spit Poison       |    19 |    23 |    12 |     8 ||    62
  Use: Scroll            |     2 |     2 |    20 |     6 ||    30
       Potion            |       |     1 |     1 |    10 ||    12
 Stab: Sleeping          |     9 |    14 |    40 |    62 ||   125
       Distracted        |       |     1 |     1 |     4 ||     6
       Confused          |       |       |     2 |     1 ||     3
  Eat: Chunk             |     3 |    17 |    23 |    10 ||    53
Armor: Robe              |    18 |    37 |    59 |    84 ||   198
       Skin              |       |    19 |       |    37 ||    56
Dodge: Dodged            |    37 |    81 |   113 |   230 ||   461
